 Dungeon Crawl Stone Soup version 0.20.1-1-g8b1a95d (webtiles) character file.

6036 karf the Cleaver (level 10, -1/93 HPs)
             Began as a Minotaur Fighter on Oct 28, 2017.
             Was an Elder of Okawaru.
             Slain by Joseph
             ... wielding a +0 quarterstaff
              (17 damage)
             ... on level 9 of the Dungeon.
             The game lasted 00:22:59 (8101 turns).

karf the Cleaver (Minotaur Fighter)                 Turns: 8101, Time: 00:22:59

Health: -1/93      AC: 15    Str: 21    XL:     10   Next: 56%
Magic:  7/9        EV: 13    Int:  5    God:    Okawaru [****..]
Gold:   366        SH:  0    Dex: 13    Spells: 9/9 levels left

rFire    + . .     SeeInvis .   A - -3 battleaxe (curse)
rCold    . . .     Gourm    .   (shield currently unavailable)
rNeg     . . .     Faith    .   t - +2 ring mail {rPois}
rPois    +         Spirit   .   (helmet restricted)
rElec    .         Reflect  .   s - +0 cloak
rCorr    .         Harm     .   v - +2 pair of gloves
MR       .....                  (no boots)
Stlth    +++.......             (no amulet)
Regen    0.3/turn               g - ring of stealth
MPRegen  0.2/turn               u - ring of protection from fire

@: heroism
A: retaliatory headbutt, horns 2
a: Heroism, Renounce Religion


You were on level 9 of the Dungeon.
You worshipped Okawaru.
Okawaru was greatly pleased with you.
You were hungry.

You visited 2 branches of the dungeon, and saw 10 of its levels.

You collected 366 gold pieces.

Inventory:

Hand Weapons
 a - a +1 war axe
 A - a cursed -3 battleaxe (weapon)
 K - a +0 battleaxe
Armour
 c - a +0 shield
 s - a +0 cloak (worn)
 t - a +2 ring mail of poison resistance (worn)
 v - a +2 pair of gloves (worn)
 N - a +1 pair of gloves
Jewellery
 g - a ring of stealth (left hand)
 o - an uncursed ring of flight
 u - a ring of protection from fire (right hand)
 D - a cursed ring of loudness {unknown}
 H - a +3 ring of intelligence {unknown}
Wands
 h - a wand of acid (1/15)
 k - a wand of polymorph (7/24)
 m - a wand of random effects (22/48)
 x - a wand of paralysis (11/24)
 y - a wand of iceblast (13/15)
 z - a wand of clouds (3/9)
Scrolls
 b - a scroll of amnesia
 q - 5 scrolls of teleportation
 C - 2 scrolls of fear
 M - a scroll of identify
Potions
 d - 2 potions of might
 j - a potion of mutation
 l - a potion of agility
 n - 4 potions of curing
 p - 2 potions of magic
 r - a potion of ambrosia {unknown}
 w - 2 potions of invisibility
 B - 3 potions of brilliance
 E - a potion of cancellation
 G - 3 potions of flight
 I - 2 potions of lignification
Books
 e - a book of Changes

   Spells                             Type                      Level
   a - Beastly Appendage              Transmutation                1
   b - Sticks to Snakes               Transmutation                2
   c - Spider Form                    Transmutation/Poison         3
   d - Ice Form                       Ice/Transmutation            4
   e - Blade Hands                    Transmutation                5
 F - a book of Conjurations

   Spells                             Type                      Level
   a - Magic Dart                     Conjuration                  1
   b - Searing Ray                    Conjuration                  2
   c - Dazzling Spray                 Conjuration/Hexes            3
   d - Fulminant Prism                Conjuration/Hexes            4
   e - Force Lance                    Conjuration/Translocation    4
   f - Iskenderun's Mystic Blast      Conjuration                  4
Comestibles
 f - 8 bread rations
 i - 2 royal jellies
 J - 3 fruits
 L - a meat ration


   Skills:
 + Level 10.2(15.2) Fighting
 * Level 12.4(17.4) Axes
 + Level 10.2(15.2) Armour
 - Level 6.4(11.4) Shields


You had 9 spell levels left.
You didn't know any spells.

Dungeon Overview and Level Annotations

Branches:
Dungeon (9/15)             Temple (1/1) D:6            Lair (0/6) D:8
    Orc: D:9-12

Altars:
Ashenzari
Cheibriados
Dithmenos
Elyvilon
Fedhas
Gozag
Hepliaklqana
Kikubaaqudgha
Makhleb
Nemelex Xobeh
Okawaru
Qazlal
Ru
Sif Muna
Trog
Uskayaw
Vehumet
Xom
Yredelemnul
Zin
The Shining One

Annotations:
D:9 Joseph


Innate Abilities, Weirdness & Mutations

You reflexively headbutt those who attack you in melee.
You have a pair of horns on your head.


Message History

Joseph is heavily wounded.
Joseph hits you but does no damage.
You slash Joseph! Your headbutt misses Joseph.
Joseph is severely wounded.
Joseph closely misses you.
You completely miss Joseph.
Joseph is severely wounded.
Joseph hits you with an uncursed quarterstaff.
You hit Joseph but do no damage. Your headbutt misses Joseph.
Joseph is heavily wounded.
Joseph hits you with an uncursed quarterstaff!
You barely miss Joseph.
Joseph is heavily wounded.
Joseph hits you with an uncursed quarterstaff!
* * * LOW HITPOINT WARNING * * *
You closely miss Joseph. Your headbutt misses Joseph.
Joseph is heavily wounded.
Joseph hits you but does no damage.
Joseph hits you with an uncursed quarterstaff!
You die...

##.....## # ## ##...##
###.########'## ##
............# #.
......###..########.
#..##.# #........##.
#..##.###...####.###
#.@#..........##.# #
#.#..@....#...#.##.# #
#....^...##..##.##.###
####....(...###.......
########........###
##########


You could see Joseph (berserk).

Vanquished Creatures
  2 two-headed ogres (D:8)
  The ghost of ThereIsNoGod the Cudgeler, a novice TrFi (D:6)
  A troll (D:8)
  A hippogriff (D:8)
  Edmund (D:5)
  2 wargs (D:8)
  A water moccasin (D:7)
  4 orc warriors
  2 sky beasts
  A black bear (D:7)
  An ice beast (D:8)
  3 ogres
  3 centaurs
  The ghost of Andry07 the Skirmisher, an amateur GrFi (D:3)
  Blork the orc (D:4)
  3 bullfrogs
  5 scorpions
  11 wights
  A howler monkey (D:6)
  2 bullfrog zombies
  5 orc priests (D:8)
  3 hounds
  A jelly (D:7)
  Crazy Yiuf (D:2)
  12 orc wizards
  Terence (D:2)
  4 iguanas
  4 worker ants
  A killer bee zombie (D:8)
  A hound zombie (D:7)
  A worker ant zombie (D:5)
  Robin (D:4)
  A howler monkey skeleton (D:8)
  10 adders
  3 shadow imps
  2 oozes
  An adder zombie (D:6)
  2 adder skeletons
  2 worms (D:3)
  A dart slug (D:2)
  6 leopard geckos
  23 orcs
  5 bats
  4 giant cockroaches
  17 goblins
  7 hobgoblins
  17 jackals
  9 kobolds
  3 quokkas
  8 frilled lizards
  A jackal skeleton (D:6)
  A leopard gecko skeleton (D:5)
  A leopard gecko zombie (D:5)
  9 rats
215 creatures vanquished.

Notes
Turn   | Place    | Note
-------+----------+-------------------------------------------
     0 | D:1      | karf the Minotaur Fighter began the quest for the Orb.
     0 | D:1      | Reached XP level 1. HP: 19/19 MP: 0/0
    28 | D:1      | Reached XP level 2. HP: 18/27 MP: 1/1
   100 | D:1      | Reached skill level 3 in Axes
   301 | D:1      | Reached XP level 3. HP: 33/33 MP: 2/2
   351 | D:2      | Noticed Terence
   380 | D:2      | Killed Terence
   601 | D:2      | Reached XP level 4. HP: 41/41 MP: 3/3
   644 | D:2      | Found an ancient bone altar of Kikubaaqudgha.
   647 | D:2      | Found a shattered altar of Ashenzari.
   914 | D:2      | Found a runed door.
   962 | D:2      | Noticed Crazy Yiuf
   968 | D:2      | Killed Crazy Yiuf
  1156 | D:3      | Reached XP level 5. HP: 47/47 MP: 4/4
  1216 | D:3      | Noticed Andry07's ghost (amateur GrFi)
  1223 | D:3      | Killed Andry07's ghost
  1223 | D:3      | Reached skill level 5 in Fighting
  1223 | D:3      | Reached skill level 4 in Axes
  1894 | D:3      | Reached skill level 5 in Armour
  2096 | D:4      | Reached skill level 5 in Shields
  2096 | D:4      | Reached XP level 6. HP: 55/56 MP: 5/5
  2240 | D:4      | Noticed Robin
  2248 | D:4      | Killed Robin
  2516 | D:4      | Noticed Blork the orc
  2525 | D:4      | Killed Blork the orc
  2525 | D:4      | Reached skill level 5 in Axes
  2629 | D:5      | Entered Level 5 of the Dungeon
  2653 | D:5      | Found a bloodstained altar of Trog.
  2808 | D:5      | Reached XP level 7. HP: 58/62 MP: 6/6
  2929 | D:5      | Found a glowing silver altar of Zin.
  2973 | D:5      | Found a glowing golden altar of the Shining One.
  3056 | D:5      | Noticed Edmund
  3067 | D:5      | Killed Edmund
  3208 | D:5      | Found a sacrificial altar of Ru.
  3219 | D:5      | Reached skill level 6 in Axes
  3326 | D:6      | Found a staircase to the Ecumenical Temple.
  3333 | Temple   | Entered the Ecumenical Temple
  3356 | Temple   | Became a worshipper of Warmaster Okawaru
  3464 | D:6      | Reached XP level 8. HP: 62/71 MP: 7/7
  3564 | D:6      | Reached skill level 7 in Axes
  3572 | D:6      | Found a blossoming altar of Fedhas.
  3935 | D:6      | Reached * piety under Okawaru
  3940 | D:6      | Noticed ThereIsNoGod's ghost (novice TrFi)
  3968 | D:6      | Killed ThereIsNoGod's ghost
  3968 | D:6      | Reached skill level 8 in Axes
  4351 | D:7      | Reached XP level 9. HP: 73/81 MP: 8/8
  4615 | D:7      | Reached skill level 9 in Axes
  4623 | D:7      | Reached ** piety under Okawaru
  5566 | D:7      | Reached skill level 10 in Axes
  5964 | D:8      | Noticed a two-headed ogre
  5976 | D:8      | Killed a two-headed ogre
  5976 | D:8      | Reached *** piety under Okawaru
  5976 | D:8      | Reached skill level 11 in Axes
  6212 | D:8      | Noticed a troll
  6225 | D:8      | Killed a troll
  6225 | D:8      | Reached XP level 10. HP: 46/91 MP: 6/9
  6544 | D:8      | Found a hide-covered altar of Uskayaw.
  6662 | D:8      | Found a staircase to the Lair.
  6686 | D:8      | Reached **** piety under Okawaru
  6925 | D:8      | Noticed a two-headed ogre
  6937 | D:8      | Killed a two-headed ogre
  6937 | D:8      | Reached skill level 12 in Axes
  6945 | D:8      | Reached skill level 10 in Fighting
  6955 | D:8      | HP: 3/93 [hippogriff (3)]
  6959 | D:8      | Reached skill level 10 in Armour
  8087 | D:9      | Noticed Joseph
  8101 | D:9      | Slain by Joseph

Skill      XL: |  1  2  3  4  5  6  7  8  9 10 |
---------------+-------------------------------+-----
Axes           | 3 4 5 6 8 11 12 | 12.4
Shields        | 4 5 6 |  6.4
Fighting       | 4 5 6 7 9 10 | 10.2
Armour         | 4 5 6 7 9 10 | 10.2

Action                   |  1- 3 |  4- 6 |  7- 9 | 10-12 || total
-------------------------+-------+-------+-------+-------++-------
Melee: War axe           |    84 |   137 |    38 |       ||   259
       Headbutt          |     6 |    23 |    49 |    33 ||   111
       Battleaxe         |       |       |   248 |   135 ||   383
Invok: Heroism           |       |       |     3 |     2 ||     5
  Use: Scroll            |       |    13 |     1 |     8 ||    22
       Potion            |       |       |     3 |     2 ||     5
 Stab: Sleeping          |       |       |     4 |       ||     4
       Paralysed         |       |       |     1 |       ||     1
       Distracted        |       |       |       |     1 ||     1
  Eat: Chunk             |       |     6 |     3 |     2 ||    11
       Meat ration       |       |       |     2 |       ||     2
       Royal jelly       |       |       |       |     1 ||     1
Armor: Scale mail        |    35 |    27 |       |       ||    62
       Ring mail         |       |    32 |   179 |    66 ||   277
Dodge: Dodged            |    27 |    36 |   147 |    70 ||   280
Block: Shield            |    43 |    83 |    13 |       ||   139
